Map: Darkness Sanctuary LE

Players

Must - Winner!

  • Race: Zerg Zerg
  • Spawn Location: 1:00

MoonKayter

  • Race: Protoss Protoss
  • Spawn Location: 5:00

VOD

Have the link to the VOD?

Description

Time

  • Played on: July 20, 2018, 3:50 p.m.
  • Length: 15:11
Show
View Real Time Build Order
Export as new Build Order

Must Zerg - Winner!

Build Orders: Hatch First 

Get SALT Encoding   

  12  0:01  Drone  
  13  0:14  Overlord  
  13  0:17  Drone  
  14  0:32  Drone x2  
  16  0:53  Hatchery, Drone  
  16  1:10  Spawning Pool  
  15  1:14  Drone  
  15  1:17  Drone  
  17  1:21  Drone  
  17  1:25  Extractor  
  17  1:32  Drone  
  18  1:38  Overlord  
  18  1:50  Drone  
  19  1:58  Queen  
  19  2:01  Drone  
  22  2:13  Drone x2  
  24  2:20  Queen  
  26  2:33  Drone x4  
  30  2:39  Extractor  
  30  2:41  Drone  
  30  2:42  Drone  
  31  2:46  Lair  
  31  2:52  Drone x2  
  32  3:17  Drone x4  
  32  3:18  Roach Warren  
  35  3:26  Overlord, Drone  
  36  3:28  Overlord  
  36  3:37  Extractor  
  35  3:44  Queen  
  35  3:45  Queen  
  39  4:02  Roach x6  
  51  4:03  Overlord  
  51  4:10  Drone  
  52  4:21  Overlord  
  52  4:29  Drone x6  
  58  4:39  Glial Reconstitution  
  58  4:54  Roach x5  
  58  4:55  Overlord x2  
  68  5:15  Roach  
  68  5:16  Roach x6  
  82  5:35  Drone x2  
  84  5:37  Overlord x3  
  84  5:58  Hatchery, Drone x8  
  84  6:01  Extractor  
  90  6:06  Hydralisk Den  
  89  6:12  Evolution Chamber  
  89  6:14  Evolution Chamber  
  79  6:48  Hydralisk x4  
  79  6:49  Hydralisk x10  
  79  6:50  Overlord  
  107  7:04  Overlord x3  
  107  7:10  Muscular Augments  
  107  7:13  Zerg Missile Weapons Level 1, Zerg Ground Armor Level 1  
  107  7:29  Ravager  
  108  7:31  Ravager  
  109  7:48  Ravager x2  
  109  7:50  Zergling x2  
  109  7:51  Zergling x28  
  126  8:05  Overlord x2  
  126  8:22  Grooved Spines  
  126  8:24  Overseer x2  
  126  8:25  Metabolic Boost  
  126  8:31  Roach x6  
  126  8:32  Overlord x3  
  138  8:36  Extractor  
  138  8:38  Overlord, Extractor, Drone x2  
  138  8:50  Overlord x2  
  114  9:18  Roach  
  114  9:19  Roach x14  
  142  9:27  Drone  
  142  9:28  Drone x6  
  149  9:36  Hydralisk x2  
  153  9:46  Ravager  
  153  9:48  Overlord x2  
  153  9:49  Overlord x2  
  154  9:54  Zerg Ground Armor Level 2  
  154  9:57  Zerg Missile Weapons Level 2  
  154  10:09  Ravager x3  
  154  10:13  Ravager  
  156  10:35  Zergling x12  
  162  10:36  Overlord x5  
  151  11:08  Zergling x2  
  151  11:09  Zergling x26  
  117  11:22  Zergling x14  
  117  11:28  Roach  
  117  11:30  Roach x2  
  108  11:50  Roach  
  108  11:51  Roach x10  
  108  12:05  Roach  
  108  12:06  Roach x4  
  90  12:39  Hatchery  
  89  12:45  Zergling x2  
  89  12:46  Zergling x26  
  101  13:03  Hydralisk x8  
  117  13:23  Hydralisk  
  117  13:24  Hydralisk x9  
  137  13:37  Hydralisk x4  
  145  13:43  Ravager x4  
  145  13:44  Ravager x5  
  154  14:03  Zergling x8  
  154  14:04  Zergling x10  
  134  14:36  Zergling x2  
  134  14:37  Zergling x32  
  134  14:38  Zergling x2  
Show
View Real Time Build Order
Export as new Build Order

MoonKayter Protoss 

Build Orders: 1 Gate Expand 

Get SALT Encoding   

  12  0:01  Probe  
  13  0:15  Pylon  
  13  0:19  Probe  
  14  0:31  Probe  
  15  0:41  Gateway  
  15  0:43  Probe  
  16  0:52  Probe  
  17  1:00  Probe  
  17  1:02  Pylon  
  17  1:09  Probe  
  18  1:12  Assimilator  
  19  1:22  Probe  
  20  1:40  Nexus  
  20  1:42  Probe  
  21  1:54  Probe  
  22  2:05  Cybernetics Core  
  22  2:07  Probe  
  23  2:10  Warp Gate  
  23  2:19  Probe  
  24  2:23  Zealot  
  24  2:28  Assimilator  
  26  2:30  Pylon  
  26  2:31  Probe  
  27  2:43  Probe  
  28  2:53  Probe  
  28  2:54  Robotics Facility  
  28  2:55  Probe  
  30  3:05  Probe  
  30  3:08  Probe  
  30  3:12  Stalker  
  33  3:17  Probe  
  34  3:20  Probe  
  34  3:26  Probe  
  35  3:32  Probe  
  37  3:34  Probe  
  38  3:44  Probe  
  38  3:47  Probe  
  40  3:57  Nexus  
  40  3:59  Pylon  
  40  4:02  Probe x2  
  42  4:14  Probe x2  
  42  4:17  Stalker, Assimilator  
  44  4:21  Gateway, Assimilator  
  44  4:22  Gateway  
  46  4:26  Probe  
  46  4:27  Observer  
  47  4:33  Forge  
  48  4:42  Probe x2  
  48  4:45  Gateway  
  50  4:47  Gateway  
  50  4:49  Sentry  
  52  4:55  Probe  
  52  4:56  Probe  
  54  5:02  Pylon  
  54  5:03  Probe  
  54  5:04  Pylon  
  54  5:08  Probe, Immortal  
  54  5:10  Probe  
  61  5:14  Protoss Ground Weapons Level 1  
  61  5:19  Stalker  
  61  5:20  Stalker  
  65  5:23  Probe  
  66  5:31  Probe  
  67  5:36  Probe x2  
  67  5:38  Pylon  
  67  5:41  Probe  
  69  5:44  Immortal  
  70  5:53  Pylon  
  74  5:58  Probe x3  
  74  6:04  Stalker, Assimilator  
  77  6:06  Sentry x2  
  77  6:07  Probe  
  77  6:08  Assimilator  
  77  6:10  Probe x2  
  86  6:15  Probe  
  86  6:22  Probe  
  86  6:23  Probe  
  86  6:25  Probe  
  89  6:27  Stalker x2  
  89  6:28  Stalker  
  95  6:34  Probe  
  95  6:35  Probe  
  92  6:40  Stalker  
  92  6:43  Stalker  
  96  6:56  Protoss Ground Armor Level 1  
  96  7:03  Pylon  
  96  7:04  Pylon  
  96  7:13  Pylon  
  96  7:16  Pylon  
  96  7:21  Probe x3, Immortal  
  103  7:30  Pylon  
  103  7:37  Stalker x3  
  105  7:38  Stalker  
  105  7:39  Stalker  
  113  7:53  Immortal  
  113  7:55  Pylon  
  117  8:08  Probe x3  
  120  8:14  Stalker x3  
  120  8:15  Stalker x2  
  130  8:40  Nexus  
  130  8:51  Stalker x2  
  130  8:52  Stalker x3  
  140  8:57  Pylon  
  140  8:59  Pylon  
  140  9:00  Pylon  
  140  9:02  Pylon x2  
  140  9:04  Immortal  
  140  9:09  Pylon  
  124  9:23  Stalker x2  
  124  9:24  Stalker x3  
  134  9:33  Immortal  
  134  9:34  Gateway  
  134  9:35  Probe  
  134  9:36  Probe x2, Gateway  
  134  9:37  Gateway  
  137  9:41  Twilight Council  
  141  9:47  Stalker x3  
  141  9:48  Stalker x2  
  151  10:10  Stalker  
  151  10:11  Stalker x3  
  151  10:13  Immortal  
  151  10:32  Stalker  
  151  10:34  Stalker x4  
  161  10:52  Immortal  
  161  10:53  Blink  
  152  11:07  Stalker x3  
  152  11:08  Stalker x3  
  152  11:09  Stalker  
  113  11:23  Immortal  
  85  11:26  Stalker  
  91  11:33  Stalker x3  
  91  11:36  Stalker x2  
  94  11:49  Zealot  
  94  11:50  Zealot x2  
  71  12:01  Zealot  
  71  12:02  Zealot x4, Immortal  
  77  12:12  Stalker  
  77  12:13  Stalker x2  
  79  12:18  Probe x3  
  79  12:22  Stalker x2  
  84  12:23  Stalker x3  
  90  12:31  Probe x3, Immortal  
  97  12:44  Protoss Ground Weapons Level 2  
  97  13:00  Stalker x2  
  97  13:01  Stalker x3  
  97  13:02  Immortal, Stalker x2  
  97  13:03  Stalker  
  117  13:27  Stalker  
  117  13:28  Stalker x4  
  117  13:29  Stalker x3  
  117  13:31  Nexus  
  117  13:33  Pylon  
  133  13:35  Pylon  
  133  13:40  Nexus  
  137  13:41  Immortal  
  137  13:52  Stalker x3  
  137  13:53  Stalker x2  
  137  13:54  Stalker x2  
  151  14:06  Stalker  
  153  14:20  Immortal  
  147  14:30  Stalker  
  147  14:31  Stalker x4  
  119  14:32  Stalker x2  
  119  14:33  Stalker  
  95  14:58  Stalker x4  
  95  14:59  Stalker x3  
  108  15:00  Stalker  
Tags
 
Add a new tag
Caveats
  • Supply blocks, unpowered buildings, or Contaminate may cause inaccurate times.
  • Supply counts are checked every 10 seconds.